 Dungeon Crawl Stone Soup version 0.29.0-15-g675c0067aa (webtiles) character file.

Game seed: 6467270734412354045

4 qw the Sneak (level 1, -1/14 HPs)
             Began as a Gargoyle Delver on Sept 11, 2022.
             Slain by a white imp (2 damage)
             ... on level 5 of the Dungeon.
             The game lasted 00:00:04 (344 turns).

qw the Sneak (Gargoyle Delver)                       Turns: 344, Time: 00:00:04

Health: -1/14      AC:  5    Str: 15    XL:     1   Next: 70%
Magic:  1/1        EV: 11    Int: 10    God:
Gold:   8          SH:  0    Dex: 11    Spells: 0/0 levels left

rFire   . . .      SeeInvis .   a - +0 hand axe
rCold   . . .      Faith    .   (no shield)
rNeg    + . .      Spirit   .   b - +0 leather armour
rPois   inf        Reflect  .   (no helmet)
rElec   +          Harm     .   (no cloak)
rCorr   .          Rampage  .   (no gloves)
Will    .....                   (no boots)
Stlth   +++.......              (no amulet)
HPRegen 0.04/turn               (no ring)
MPRegen 0.07/turn               (no ring)

@: no status effects
A: sickness immunity, AC +2, negative energy resistance 1, electricity
resistance, torment resistance 1, petrification resistance
a: no special abilities


You were on level 5 of the Dungeon.
You visited 1 branch of the dungeon, and saw 1 of its levels.

You collected 8 gold pieces.


Innate Abilities, Weirdness & Mutations

You are immune to sickness and miasma.
Your stone body is resilient. (AC +2)
You are immune to poison.
You resist negative energy. (rN+)
You are resistant to electric shocks. (rElec)
You are resistant to unholy torment.
You are immune to petrification.


   Skills:
 - Level 3.2 Fighting
 + Level 2.2 Axes
 - Level 1.5 Dodging
 - Level 5.4 Stealth


You couldn't memorise any spells.
You didn't know any spells.
Your spell library was empty.

Inventory:

Hand Weapons
 a - a +0 hand axe (weapon)
Armour
 b - a +0 leather armour (worn)
Wands
 g - a wand of digging (3)
Scrolls
 c - a scroll of fog
 d - a scroll of magic mapping
 e - a scroll of fear
Potions
 f - a potion of haste
 h - a potion of flight {unknown}

Dungeon Overview and Level Annotations

Branches:
Dungeon (5/15)
 Temple: D:4-7

Altars:


Message History

The dart slug launches a dart at you.
The slug dart hits you but does no damage.
You barely miss the dart slug.
The dart slug is severely wounded.
You hit the dart slug.
You kill the dart slug!
Your Axes skill increases to level 2!
h - a glowing white potion You now have 8 gold pieces.
An orc comes into view. It is wielding a +0 dagger.
The orc shouts!
A white imp comes into view.
You closely miss the orc. The orc closely misses you.
You barely miss the orc. The orc barely misses you.
The white imp shouts, "Run away, thou plume-plucked nose-picking mendicant!"
You hit the orc.
The orc is heavily wounded.
The white imp gestures at you. The puff of frost misses you.
The orc closely misses you.
You barely miss the orc.
The orc is heavily wounded.
The white imp gestures at you. The puff of frost misses you.
The orc hits you with a +0 dagger. The orc closely misses you.
You barely miss the orc.
The orc is heavily wounded.
The orc hits you but does no damage.
An adder comes into view.
You barely miss the orc.
The orc is heavily wounded.
The orc closely misses you.
You slash the orc!
You kill the orc!
The white imp gestures at you. The puff of frost hits you!
Ouch! That really hurt!
The white imp hits you. The white imp freezes you.
You die...

.## ####
...###..##
.........##
..........
.........#
.........##
......5...##
#......@)..##
..##........#
#..##......## .
..........#
.....#....### ##
.....#.#..# #..##
......##.###....##
#.....#....#.....#
#.....##.........#


You could see a white imp.

Vanquished Creatures
  A dart slug (D:5)
  An orc (D:5)
2 creatures vanquished.

Notes
Turn   | Place    | Note
-------+----------+-------------------------------------------
     0 | D:5      | qw the Gargoyle Delver began the quest for the Orb.
     0 | D:5      | Reached XP level 1. HP: 14/14 MP: 1/1
     0 | D:5      | 0 ||| qw: Version: 0.1-a-118-gb4e7ce6
     0 | D:5      | 0 ||| qw: Game counter: 10473
     0 | D:5      | 0 ||| qw: Always use a shield: true
     0 | D:5      | 0 ||| qw: God list: Okawaru
     0 | D:5      | 0 ||| qw: Allow faded altars: false
     0 | D:5      | 0 ||| qw: Do Orc after D:15 true
     0 | D:5      | 0 ||| qw: Do second Lair branch before Depths: true
     0 | D:5      | 0 ||| qw: Lair rune preference: random
     0 | D:5      | 0 ||| qw: Plans: Normal
     0 | D:5      | 0 ||| PLANNING D:1-11
     8 | D:5      | 8 ||| Stepping ~*~*~tactically~*~*~ (hiding).
   110 | D:5      | 110 ||| Stepping ~*~*~tactically~*~*~ (hiding).
   212 | D:5      | 212 ||| Stepping ~*~*~tactically~*~*~ (hiding).
   314 | D:5      | 314 ||| Stepping ~*~*~tactically~*~*~ (hiding).
   343 | D:5      | HP: 3/14 [white imp/puff of frost (9)]
   344 | D:5      | HP: 1/14 [white imp (2)]
   344 | D:5      | Slain by a white imp

Levels and vault maps discovered:
D:5:      layout_cave_pools, mainiacjoe_overflow_brackets

Skill      XL: |  1 |
---------------+----+-----
Axes           | 2 |  2.2
Fighting       | |  3.2
Dodging        | |  1.5
Stealth        | |  5.4

Action                   || total
-------------------------++-------
Melee: Hand axe          ||    13
Armor: Leather armour    ||     2
Dodge: Dodged            ||    12

Table legend:
 A = Non-vault XP
 B = Vault XP
 C = Vault XP percentage of total XP
 D = Non-vault monster count
 E = Vault monster count
 F = Vault count percentage of total count
                 A         B        C        D         E       F
            +---------+---------+-------+---------+---------+-------
      Total |       7 |       0 |   0.0 |       2 |       0 |   0.0
            +---------+---------+-------+---------+---------+-------
        D:5 |       7 |       0 |   0.0 |       2 |       0 |   0.0
            +---------+---------+-------+---------+---------+-------
